 Dungeon Crawl Stone Soup version 0.17.0-24-gcfadda4 (webtiles) character file.

53 MDvedh the Twirler (level 3, 0/27 HPs)
             Began as a Demonspawn Gladiator on Nov 16, 2015.
             Slain by a jackal (2 damage)
             ... on level 2 of the Dungeon.
             The game lasted 00:02:33 (1644 turns).

MDvedh the Twirler (Demonspawn Gladiator)           Turns: 1644, Time: 00:02:33

Health: 0/27       AC:  4    Str: 21    XL:     3   Next: 62%
Magic:  0/3        EV: 12    Int:  9    God:
Gold:   82         SH:  0    Dex: 13    Spells: 0 memorised, 2 levels left

rFire  . . .     SeeInvis .     a - +0 quarterstaff
rCold  . . .     Clarity  .     b - +0 leather armour
rNeg   . . .     SustAt   .     (shield currently unavailable)
rPois  .         Gourm    +     c - +0 helmet
rElec  .         Spirit   +     (no cloak)
rCorr  .         Warding  .     (no gloves)
rMut   .         Stasis   .     (no boots)
MR     .....                    f - amulet of the gourmand
Stlth  +.........               (no ring)
                                g - ring of flight

@: mighty, flying, not resistant to hostile enchantments, very unstealthy
A: magic shield
a: no special abilities


You were on level 2 of the Dungeon.
You were hungry.

You visited 1 branch of the dungeon, and saw 2 of its levels.

You collected 82 gold pieces.

Inventory:

Hand Weapons
 a - a +0 quarterstaff (weapon)
Missiles
 d - 3 throwing nets (quivered)
Armour
 b - a +0 leather armour (worn)
 c - a +0 helmet (worn)
Jewellery
 f - an amulet of the gourmand (around neck)
 g - a ring of flight (left hand)
Scrolls
 j - a scroll of remove curse {unknown}
 k - 2 scrolls of recharging {unknown}
 r - a scroll of teleportation {unknown}
Potions
 i - a potion of agility {unknown}
 l - a potion of haste {unknown}
 o - a potion of mutation {unknown}
 p - a potion of degeneration {unknown}
 q - a potion of flight
 s - a potion of brilliance {unknown}
Comestibles
 e - 3 bread rations
 m - a slice of pizza
 n - a meat ration


   Skills:
 - Level 2.0 Fighting
 + Level 4.2 Staves
 - Level 1.7 Throwing
 - Level 2.6 Dodging


You had 2 spell levels left.
You didn't know any spells.

Dungeon Overview and Level Annotations

Branches:
Dungeon (2/15)

Altars:
Elyvilon
The Shining One


Innate Abilities, Weirdness & Mutations

When hurt, damage is shared between your health and your magic reserves.


Message History

You fly up into the air.
The jackal closely misses you. The jackal closely misses you.
Unknown command.
You miss the jackal. The jackal closely misses you. The jackal bites you.
* * * LOW HITPOINT WARNING * * *
The jackal closely misses you. The jackal barely misses you.
Unknown command.
Drink which item? (? for menu, Esc to quit)
It was a potion of might.
You feel very mighty all of a sudden. The jackal barely misses you.
The jackal bites you but does no damage.
Unknown command.
You sock the jackal!
You kill the jackal!
The jackal barely misses you. The jackal bites you.
* * * LOW HITPOINT WARNING * * *
Unknown command.
You closely miss the jackal. The jackal bites you.
You die...

#...[....###....#
#.###!.......##..####
#.............#.##
#.#........#..#.#
#......#...#.#..# #
#......#.#...#..#
...##....(..#..#...#
.......##......#...#
.......@†.....#....#
.......h##....#...##
...##........#....# .
#.##...##....##
#....##......# ...##.
....### #.## . ...##
#. ...###


You could see a jackal.

Vanquished Creatures
  An adder (D:2)
  4 giant geckos
  A giant cockroach (D:2)
  5 goblins
  5 hobgoblins (D:1)
  3 jackals (D:2)
  7 bats
  A giant newt (D:1)
  7 kobolds
  5 rats (D:1)
39 creatures vanquished.

Notes
Turn   | Place    | Note
--------------------------------------------------------------
     0 | D:1      | MDvedh the Demonspawn Gladiator began the quest for the Orb.
     0 | D:1      | Reached XP level 1. HP: 16/16 MP: 1/1
   202 | D:1      | Reached skill level 3 in Staves
   306 | D:1      | Gained mutation: When hurt, damage is shared between your health and your magic reserves. [demonic ancestry]
   306 | D:1      | Reached XP level 2. HP: 20/22 MP: 2/2
   995 | D:1      | Found a glowing golden altar of the Shining One.
  1330 | D:2      | Reached XP level 3. HP: 17/27 MP: 1/3
  1335 | D:2      | Reached skill level 4 in Staves
  1539 | D:2      | Found a white marble altar of Elyvilon.
  1644 | D:2      | Slain by a jackal

Action                   || total
-------------------------++-------
Melee: Quarterstaff      ||   149
  Use: Potion            ||     2
  Eat: Chunk             ||     2
